 Dungeon Crawl Stone Soup version 0.29.1-1-gd02db6906a (webtiles) character file.

Game seed: 11304380482052443964

98 H0rd4k the Insei (level 4, 0/28 HPs)
             Began as an Octopode Transmuter on Oct 17, 2022.
             Killed by divine providence
             ... invoked by an orc priest
              (14 damage)
             ... on level 3 of the Dungeon.
             The game lasted 00:01:54 (2533 turns).

H0rd4k the Insei (Octopode Transmuter)              Turns: 2533, Time: 00:01:54

Health: 0/28       AC:  1    Str:  9    XL:     4   Next: 71%
Magic:  6/7        EV: 13    Int: 17    God:
Gold:   165        SH:  0    Dex: 12    Spells: 6/7 levels left

rFire   . . .      SeeInvis .     - Unarmed
rCold   . . .      Faith    .   (no shield)
rNeg    . . .      Spirit   .   (helmet currently unavailable)
rPois   .          Reflect  .   (no amulet)
rElec   .          Harm     .   (no ring)
rCorr   .          Rampage  .   (no ring)
Will    .....                   (no ring)
Stlth   +++.......              (no ring)
HPRegen 0.09/turn               (no ring)
MPRegen 0.10/turn               (no ring)
                                (no ring)
                                (no ring)

@: appendages
A: tentacle spike 3, almost no armour, amphibious, 8 rings, camouflage 1,
gelatinous body 1, (nimble swimmer 1), tentacles
a: End Transformation


You were on level 3 of the Dungeon.
One of your tentacles had grown a beastly spike.
You visited 1 branch of the dungeon, and saw 3 of its levels.

You collected 165 gold pieces.

Inventory:

Missiles
 c - 2 throwing nets
 j - 8 poisoned darts
Scrolls
 d - a scroll of vulnerability {unknown}
 e - a scroll of identify {unknown}
 f - a scroll of poison {unknown}
 k - 2 scrolls of teleportation {unknown}
 m - 2 scrolls of fog {unknown}
Potions
 a - a potion of lignification
 b - 2 potions of cancellation {unknown}
 g - a potion of heal wounds {unknown}
 h - a potion of curing {unknown}
 i - a potion of resistance {unknown}
 l - a potion of attraction {unknown}
 n - a potion of brilliance {unknown}


   Skills:
 + Level 1.0 Fighting
 + Level 2.2 Dodging
 + Level 3.2 Stealth
 + Level 4.1 Unarmed Combat
 + Level 2.1 Spellcasting
 + Level 2.4 Transmutations


You had 6 spell levels left.
You knew the following spells:

 Your Spells              Type           Power      Damage    Failure   Level
a - Beastly Appendage     Tmut           20%        N/A       7%          1

Your spell library contained the following spells:

 Spells                   Type           Power      Damage    Failure   Level
 Wereblood                Tmut           10%        N/A       11%         2
 Apportation              Tloc           2%         N/A       19%         1
 Necrotise                Necr           4%         1d4       19%         1
 Summon Small Mammal      Summ           4%         N/A       19%         1
 Spider Form              Tmut/Pois      6%         N/A       34%         3
 Gell's Gravitas          Tloc           1%         N/A       50%         3
 Summon Guardian Golem    Hex/Summ       1%         N/A       50%         3
 Teleport Other           Tloc           1%         N/A       50%         3
 Ice Form                 Ice/Tmut       6%         N/A       75%         4
 Dispersal                Tloc           0%         N/A       100%        6
 Orb of Destruction       Conj           0%         9d5       100%        7
 Spellforged Servitor     Conj/Summ      0%         N/A       100%        7


Dungeon Overview and Level Annotations

Branches:
Dungeon (3/15)

Altars:

Shops:
D:1 :


Innate Abilities, Weirdness & Mutations

One of your tentacles has grown a beastly spike.
You cannot wear most types of armour.
You are amphibious.
You can wear up to eight rings at the same time.
Your skin changes colour to match your surroundings (Stealth+).
Your rubbery body absorbs attacks. (AC +1, EV +1)
((You are camouflaged when in or above water. (Stealth+)))
You have tentacles for arms and can constrict up to eight enemies at once.


Message History

The ball python barely misses you.
You tentacle-slap the ball python.
You kill the ball python!
The frilled lizard barely misses you.
There is an open door here.
You miss the frilled lizard. You grab the frilled lizard.
You constrict the frilled lizard.
The frilled lizard bites you but does no damage.
You tentacle-slap the frilled lizard.
You kill the frilled lizard!
The frilled lizard barely misses you.
You tentacle-slap the frilled lizard.
You kill the frilled lizard!
No target in view!
m - 2 scrolls labelled ROZONG MAMIUC (gained 1)
An orc comes into view. It is wielding a +0 dagger.
An orc is nearby!
An orc is nearby!
An orc is nearby!
An orc priest comes into view. It is wielding a +0 flail.
Found a leather armour.
The orc shouts!
The orc priest shouts!
You hear a shout!
An orc comes into view. It is wielding a +0 short sword.
Casting: Beastly Appendage (safe; 7% risk of failure)
Confirm with . or Enter, or press ? or * to list all spells.
One of your tentacles grows a vicious spike.
The orc throws a boomerang.
The boomerang misses you.
The orc priest invokes the aid of Beogh against you.
Beogh smites you!
An orc comes into view.
It is wielding a +0 short sword of speed.
An orc comes into view. It is wielding a +0 hand axe.
You hear a shout!
The orc shouts!
You hear an angry hiss.
The orc throws a boomerang.
The boomerang barely misses you.
There is an open door here.
The orc throws a boomerang.
The boomerang hits you.
The orc priest invokes the aid of Beogh against you.
Beogh smites you!
Ouch! That really hurt!
You die...

#. #.........##..
#. #.............
#.###+####
#######.......
#####....?...#
#.......
........o....#
#.......
.............#
#.......
.............#
###.....
[...#.oo.....######
#..... o..
+......o.'@...#
#..... .
#........####.#
###### #........#
#.# #+########
#.#############
#............##
##....######.##
+....+........
#....#######.#
#....# #....


You could see an orc priest and 2 orcs.

Vanquished Creatures
  5 adders
  A gnoll (D:1)
  3 orcs (D:3)
  4 ball pythons
  6 endoplasms
  3 giant cockroaches
  4 goblins
  3 hobgoblins
  A bat (D:2)
  4 frilled lizards
  4 kobolds
  3 rats
41 creatures vanquished.

Vanquished Creatures (others)
  A plant (D:1)
1 creature vanquished.

Grand Total: 42 creatures vanquished

Notes
Turn   | Place    | Note
-------+----------+-------------------------------------------
     0 | D:1      | H0rd4k the Octopode Transmuter began the quest for the Orb.
     0 | D:1      | Reached XP level 1. HP: 13/13 MP: 3/3
   264 | D:1      | Found a faded altar of an unknown god.
   336 | D:1      | Reached XP level 2. HP: 18/18 MP: 5/5
   715 | D:1      | Reached XP level 3. HP: 16/23 MP: 6/6
   863 | D:1      | Found Voamum's Book Emporium.
  1627 | D:2      | Reached skill level 1 in Stealth
  1941 | D:3      | Reached XP level 4. HP: 28/28 MP: 7/7
  1952 | D:3      | Reached skill level 4 in Unarmed Combat
  2533 | D:3      | Killed from afar by an orc priest

Illustrated notes

Levels and vault maps discovered:
D:1:      amcnicky_arrival_blooded_trapdoor, layout_basic, serial_shops, shop,
          hellmonk_ecumenical_altar_arch_garden, serial_bayou_crossing
D:2:      layout_loops_ring, eino_tiny_chamber, kennysheep_big_empty_room
D:3:      layout_basic, kennysheep_generic_room_11, uniq_natasha

Skill      XL: |  1  2  3  4 |
---------------+-------------+-----
Stealth        | 1 3 |  3.2
Unarmed Combat | 4 |  4.1
Fighting       | |  1.0
Dodging        | |  2.2
Spellcasting   | |  2.1
Transmutations | |  2.4

Action                   |  1- 3 |  4- 6 || total
-------------------------+-------+-------++-------
Melee: Unarmed           |    65 |    27 ||    92
       Constrict         |    17 |     8 ||    25
       Tentacles         |    10 |     6 ||    16
       Punch             |     2 |     2 ||     4
       Kick              |       |     1 ||     1
 Cast: Beastly Appendage |     1 |     2 ||     3
 Stab: Sleeping          |     7 |     1 ||     8
Armor: Skin              |     6 |     3 ||     9
Dodge: Dodged            |    39 |    20 ||    59
